 Dungeon Sprint DCSS version 0.28.0 (webtiles) character file.

Game seed: 15775171830057713199

4559 rocky1 the Blocker (level 10, -8/93 HPs)
             Began as a Minotaur Fighter on Feb 10, 2022.
             Was an Elder of Okawaru.
             Mangled by a two-headed ogre (11 damage)
             ... in the Dungeon (Sprint III: "The Ten Rune Challenge").
             The game lasted 00:09:35 (2197 turns).

rocky1 the Blocker (Minotaur Fighter)               Turns: 2197, Time: 00:09:37

Health: -8/93      AC:  8    Str: 26    XL:     10   Next: 18%
Magic:  14/14      EV: 12    Int:  5    God:    Okawaru [****..]
Gold:   1773       SH:  7    Dex:  9    Spells: 9/9 levels left

rFire   . . .      SeeInvis .   g - +2 long sword (holy)
rCold   . . .      Faith    .   c - +0 buckler
rNeg    . . .      Spirit   .   b - +0 scale mail
rPois   .          Reflect  .   (helmet restricted)
rElec   .          Harm     .   (no cloak)
rCorr   .          Rampage  .   (no gloves)
Will    .....      NoTele   +   (no boots)
Stlth   ..........              (no amulet)
HPRegen 0.25/turn               (no ring)
MPRegen 0.14/turn               (no ring)

@: no status effects
A: horns 2, retaliatory headbutt
a: Renounce Religion, Heroism, Finesse


You were in the Dungeon.
You worshipped Okawaru.
Okawaru was greatly pleased with you.
You visited 1 branch You collected 1773 gold pieces.

Inventory:

Hand Weapons
 g - a +2 long sword of holy wrath (weapon)
Missiles
 a - 3 boomerangs
 k - 5 poisoned darts (quivered)
Armour
 b - a +0 scale mail (worn)
 c - a +0 buckler (worn)
 d - a +0 chain mail of fire resistance
Scrolls
 j - a scroll of blinking
 l - a scroll of enchant weapon
 n - 2 scrolls of torment
Potions
 e - a potion of curing
 h - 3 potions of magic
 m - 3 potions of mutation
 p - a potion of ambrosia
 q - 2 potions of flight
Miscellaneous
 i - a condenser vane


   Skills:
 + Level 10.2 Fighting
 - Level 14.1 Long Blades
 + Level 10.3 Armour
 + Level 8.6 Dodging
 - Level 14.8 Shields
 + Level 7.9 Invocations
 + Level 7.0 Evocations


You had 9 spell levels left.
You didn't know any spells.
Your spell library contained the following spells:

 Spells                   Type           Power      Damage    Failure   Level
 Freeze                   Ice            0%         1d3       77%         1
 Frozen Ramparts          Ice            0%         1d2       98%         3
 Portal Projectile        Hex/Tloc       0%         N/A       98%         3
 Hailstorm                Conj/Ice       0%         3d3       100%        4
 Blade Hands              Tmut           0%         N/A       100%        5
 Excruciating Wounds      Necr           0%         N/A       100%        5


Dungeon Overview and Level Annotations

Branches:
Dungeon (1/1)

Altars:
Cheibriados
Dithmenos
Elyvilon
Fedhas
Gozag
Hepliaklqana
Kikubaaqudgha
Makhleb
Nemelex Xobeh
Okawaru
Qazlal
Ru
Sif Muna
Trog
Uskayaw
Vehumet
Wu Jian
Xom
Yredelemnul
Zin
The Shining One
Beogh
Jiyva
Lugonu

Shops:
D (

Annotations:
D Erolcha


Innate Abilities, Weirdness & Mutations

You have a pair of horns on your head.
You reflexively headbutt those who attack you in melee.


Message History

The two-headed ogre is heavily wounded.
The two-headed ogre misses you. You block the two-headed ogre's attack.
You hit the two-headed ogre.
The two-headed ogre is heavily wounded.
You hear a zap.
Something tries to affect you, but you resist.
You hit the two-headed ogre. You headbutt the two-headed ogre!
The two-headed ogre is severely wounded.
The two-headed ogre closely misses you. You block the two-headed ogre's attack.
You hear a zap.
You suddenly lose the ability to move!
The two-headed ogre barely misses you.
The two-headed ogre hits you with a +0 giant club!
Something hits you!!
* * * LOW HITPOINT WARNING * * *
You can move again.
Unknown command.
You slash the two-headed ogre!
The two-headed ogre is severely wounded.
Something barely misses you. The two-headed ogre barely misses you.
The two-headed ogre hits you with a +0 giant club!
* * * LOW HITPOINT WARNING * * *
Unknown command.
You feel much better.
You hear a zap.
Something tries to affect you, but you resist.
Something hits you.
The two-headed ogre hits you with a +0 giant spiked club!!
* * * LOW HITPOINT WARNING * * *
The two-headed ogre barely misses you.
You feel much better. Something hits you!
* * * LOW HITPOINT WARNING * * *
Unknown command.
You slash the two-headed ogre!
The two-headed ogre is almost dead.
Something hits you!
* * * LOW HITPOINT WARNING * * *
The two-headed ogre closely misses you.
The two-headed ogre hits you with a +0 giant club!
You die...

__#.###..#...'.#...# e
)_#.........##.#...##≈≈
'##........###)#...≈≈≈.
..#........# #)#...##≈
..#..##∩#### #)+[..#
#'#..##..# #######
..#'##############
..#....#.#.#...{.#
..##.#).#.##.###@#
..'##)#.#.##.#.O##
..#.))#..#.)##..
▓▓▓▓▓▓▓▓▓▓▓▓▓▓▓▓


You could see a two-headed ogre.

Vanquished Creatures
  An orc sorcerer (D)
  3 deep elf zephyrmancers (D)
  3 deep elf pyromancers (D)
  A shadow (D)
  A spatial vortex (D)
  An orc warrior (D)
  A necrophage (D)
  4 two-headed ogres (D)
  A water elemental (D)
  3 orc priests (D)
  A jelly (D)
  A wizard (D)
  2 orc wizards (D)
  A necromancer (D)
  3 humans (D)
  A kobold demonologist (D)
  A phantom (D)
  11 orcs (D)
  4 rats (D)
44 creatures vanquished.

Notes
Turn   | Place    | Note
-------+----------+-------------------------------------------
     0 | D        | rocky1 the Minotaur Fighter began the quest for the Orb.
     0 | D        | Reached XP level 1. HP: 19/19 MP: 0/0
    52 | D        | Reached skill level 5 in Long Blades
    52 | D        | Reached skill level 5 in Shields
    52 | D        | Reached XP level 2. HP: 12/26 MP: 1/1
   395 | D        | Noticed a water elemental
   400 | D        | Killed a water elemental
   401 | D        | Reached XP level 3. HP: 9/31 MP: 2/2
   401 | D        | Reached XP level 4. HP: 11/39 MP: 3/3
   613 | D        | Found a hide-covered altar of Uskayaw.
   613 | D        | Found an iron altar of Okawaru.
   613 | D        | Found a bloodstained altar of Trog.
   613 | D        | Found an ornate altar of the Wu Jian Council.
   613 | D        | Noticed a human
   614 | D        | Noticed a human
   623 | D        | Killed a human
   624 | D        | Reached skill level 10 in Long Blades
   624 | D        | Reached skill level 10 in Shields
   624 | D        | Reached XP level 5. HP: 35/45 MP: 4/4
   626 | D        | Killed a human
   627 | D        | Reached XP level 6. HP: 27/51 MP: 5/5
   630 | D        | Became a worshipper of Warmaster Okawaru
   876 | D        | Found a basalt altar of Yredelemnul.
   876 | D        | Found a shadowy altar of Dithmenos.
   876 | D        | Found a sacrificial altar of Ru.
   896 | D        | Noticed a shadow
   903 | D        | Killed a shadow
   904 | D        | Reached XP level 7. HP: 30/57 MP: 6/6
  1077 | D        | Found a blossoming altar of Fedhas.
  1077 | D        | Found a stormy altar of Qazlal.
  1077 | D        | Found a snail-covered altar of Cheibriados.
  1077 | D        | Found a burning altar of Makhleb.
  1077 | D        | Found a shimmering altar of Xom.
  1078 | D        | Found a hazy altar of Hepliaklqana.
  1078 | D        | Found an opulent altar of Gozag.
  1078 | D        | Found a sparkling altar of Nemelex Xobeh.
  1078 | D        | Found a corrupted altar of Lugonu.
  1078 | D        | Found a viscous altar of Jiyva.
  1078 | D        | Noticed a spatial vortex
  1087 | D        | Killed a spatial vortex
  1088 | D        | Reached skill level 1 in Dodging
  1088 | D        | Reached skill level 1 in Invocations
  1228 | D        | Found a radiant altar of Vehumet.
  1228 | D        | Found a shimmering blue altar of Sif Muna.
  1228 | D        | Found an ancient bone altar of Kikubaaqudgha.
  1256 | D        | Found a glowing silver altar of Zin.
  1257 | D        | Found a glowing golden altar of the Shining One.
  1257 | D        | Found a white marble altar of Elyvilon.
  1257 | D        | Noticed a deep elf pyromancer
  1270 | D        | Killed a deep elf pyromancer
  1270 | D        | Reached * piety under Okawaru
  1271 | D        | Reached skill level 5 in Fighting
  1271 | D        | Reached skill level 5 in Armour
  1271 | D        | Reached XP level 8. HP: 65/69 MP: 7/9
  1403 | D        | Noticed a two-headed ogre
  1421 | D        | Killed a two-headed ogre
  1421 | D        | Reached ** piety under Okawaru
  1647 | D        | Reached skill level 5 in Dodging
  1720 | D        | Noticed an orc sorcerer
  1735 | D        | Killed an orc sorcerer
  1735 | D        | Reached *** piety under Okawaru
  1736 | D        | Reached skill level 5 in Invocations
  1736 | D        | Reached XP level 9. HP: 53/81 MP: 10/12
  1811 | D        | Found Eqaet's Antique Weapon Shoppe.
  1888 | D        | Noticed a deep elf zephyrmancer
  1888 | D        | Noticed a deep elf pyromancer
  1888 | D        | Noticed a deep elf zephyrmancer
  1888 | D        | Noticed a deep elf pyromancer
  1888 | D        | Noticed a deep elf zephyrmancer
  1903 | D        | Killed a deep elf pyromancer
  1904 | D        | Reached skill level 5 in Evocations
  1908 | D        | Killed a deep elf zephyrmancer
  1908 | D        | Reached **** piety under Okawaru
  1915 | D        | Killed a deep elf pyromancer
  1917 | D        | Killed a deep elf zephyrmancer
  1918 | D        | Reached XP level 10. HP: 37/93 MP: 12/14
  1923 | D        | Killed a deep elf zephyrmancer
  1924 | D        | Reached skill level 10 in Fighting
  1924 | D        | Reached skill level 10 in Armour
  1933 | D        | Noticed a deep elf demonologist
  1934 | D        | Noticed a deep elf annihilator
  2180 | D        | Noticed Erolcha
  2191 | D        | Paralysed by something for 2 turns
  2197 | D        | HP: 3/93 [something (13)]
  2197 | D        | Mangled by a two-headed ogre

Illustrated notes

Levels and vault maps discovered:
D:        dungeon_sprint_mu [sprint_mu_entry_forest, sprint_mu_temple_rooms,
          sprint_mu_d1_spiders, sprint_mu_d2_genie, sprint_mu_d3_branching,
          sprint_mu_orc_legion, sprint_mu_elf_gauntlet, sprint_mu_hive_nellie,
          sprint_mu_lair_fedhas, sprint_mu_vaults_butterflies,
          sprint_mu_slime_circle, sprint_mu_shoals_archi,
          sprint_mu_snake_twists, sprint_mu_blade_basic,
          sprint_mu_crypt_fortress, sprint_mu_tomb_spiral,
          sprint_mu_vestibule_basic, sprint_mu_gehenna_hellfire,
          sprint_mu_dis_giant, sprint_mu_tartarus_statrot,
          sprint_mu_cocytus_islands, sprint_mu_zot1]

Skill      XL: |  1  2  3  4  5  6  7  8  9 10 |
---------------+-------------------------------+-----
Long Blades    | 5 7 10 11 13 14 | 14.1
Shields        | 5 8 10 12 13 14 | 14.8
Fighting       | 5 7 9 10 | 10.2
Armour         | 5 7 9 10 | 10.3
Dodging        | 3 6 8 |  8.6
Invocations    | 3 5 7 |  7.9
Evocations     | 2 4 6 7 |  7.0

Action                   |  1- 3 |  4- 6 |  7- 9 | 10-12 || total
-------------------------+-------+-------+-------+-------++-------
Melee: Long sword        |    19 |    24 |   113 |    12 ||   168
       Headbutt          |     4 |     4 |    23 |     3 ||    34
Throw: Dart              |     5 |       |     4 |       ||     9
Invok: Heroism           |       |       |     3 |       ||     3
  Use: Scroll            |     4 |       |       |       ||     4
       Potion            |     1 |     1 |     2 |     2 ||     6
Armor: Scale mail        |     4 |     4 |     5 |     1 ||    14
Dodge: Dodged            |    13 |     4 |    24 |    10 ||    51
Block: Buckler           |     3 |     4 |    26 |     3 ||    36
